 Dungeon Crawl Stone Soup version 0.30.0-29-ga12c61a403 (webtiles) character file.

Game seed: 14915723286447132375

12195 Dadbod the Cleaver (level 12, -2/81 HPs)
             Began as a Formicid Fighter on June 20, 2023.
             Was an Elder of the Shining One.
             Slain by a seven-headed hydra (7 damage)
             ... on level 2 of the Lair of Beasts.
             The game lasted 00:31:03 (12102 turns).

Dadbod the Cleaver (Formicid Fighter)              Turns: 12102, Time: 00:31:03

Health: -2/81      AC: 13    Str: 24    XL:     12   Next: 17%
Magic:  13/16      EV: 12    Int:  8    God:    the Shining One [****..]
Gold:   446        SH: 20    Dex: 15    Spells: 11/11 levels left

rFire   + + .        q - +0 war axe (freeze)
rCold   . . .        c - +0 buckler
rNeg    + + .        b - +0 scale mail
rPois   .            (helmet unavailable)
rElec   .            i - +1 cloak
rCorr   .            F - +0 pair of gloves
SInv    +            B - +0 pair of boots
Will    +....        f - amulet of reflection Stlth
                     E - ring of protection from fire
HPRegen 0.33/turn    (no ring)
MPRegen 0.15/turn

%: reflection
@: divinely shielded, glowing
A: permanent stasis, dig shafts and tunnels, antennae 3, four strong arms, fire
resistance 1, frail 1
a: Dig, Shaft Self, Renounce Religion, Divine Shield, Cleansing Flame


You were on level 2 of the Lair of Beasts.
You worshipped the Shining One.
The Shining One was greatly pleased with you.
You visited 2 branches of the dungeon, and saw 13 of its levels.
You also visited: Sewer.

You collected 446 gold pieces.

Inventory:

Hand Weapons
 a - a +0 war axe of electrocution
 q - a +0 war axe of freezing (weapon)
Missiles
 n - 3 silver javelins (quivered)
 w - 20 poisoned darts
 y - 8 boomerangs
 C - 9 javelins
 D - 2 boomerangs of dispersal
 I - 14 silver boomerangs
Armour
 b - a +0 scale mail (worn)
 c - a +0 buckler (worn)
 i - a +1 cloak (worn)
 B - a +0 pair of boots (worn)
 F - a +0 pair of gloves (worn)
Jewellery
 f - an amulet of reflection (around neck)
 z - an amulet of the acrobat
 E - a ring of protection from fire (left hand)
Wands
 e - a wand of digging (3)
 m - a wand of polymorph (14)
 p - a wand of mindburst (22)
 v - a wand of flame (29)
 H - a wand of quicksilver (2)
Scrolls
 k - 2 scrolls of vulnerability
 o - 3 scrolls of fog
 x - 7 scrolls of enchant armour
 A - a scroll of immolation
 G - 2 scrolls of magic mapping
 J - a scroll of identify
 L - a scroll of enchant weapon
Potions
 d - 5 potions of might
 g - 3 potions of heal wounds
 h - 4 potions of attraction
 l - 2 potions of flight
 r - 4 potions of curing
 s - a potion of cancellation
 t - 2 potions of resistance
 u - 5 potions of haste
 K - a potion of lignification


   Skills:
 - Level 7.2 Fighting
 + Level 11.6 Axes
 - Level 5.1 Throwing
 - Level 7.8 Armour
 - Level 5.0 Dodging
 - Level 1.1 Stealth
 - Level 9.4 Shields
 - Level 0.1 Unarmed Combat
 - Level 6.2 Invocations
 - Level 3.5 Evocations


You had 11 spell levels left.
You didn't know any spells.
Your spell library contained the following spells:

 Spells                   Type           Power      Damage    Failure   Level
 Apportation              Tloc           0%         N/A       73%         1
 Kiss of Death            Conj/Necr      0%         2d5       73%         1
 Magic Dart               Conj           0%         1d3       73%         1
 Summon Small Mammal      Summ           0%         N/A       73%         1
 Call Imp                 Summ           0%         N/A       86%         2
 Call Canine Familiar     Summ           0%         N/A       97%         3
 Confusing Touch          Hex            0%         N/A       97%         3
 Mephitic Cloud           Conj/Pois/Air  0%         N/A       97%         3
 Ozocubu's Armour         Ice            0%         N/A       97%         3
 Summon Guardian Golem    Hex/Summ       0%         N/A       97%         3
 Dispel Undead            Necr           0%         3d6       100%        4
 Leda's Liquefaction      Hex/Erth       0%         N/A       100%        4
 Arcjolt                  Conj/Air       0%         1d10      100%        5
 Borgnjor's Vile Clutch   Necr/Erth      0%         N/A       100%        5
 Lee's Rapid Deconstruct  Erth           0%         3d4*      100%        5
 Iron Shot                Conj/Erth      0%         9d1       100%        6
 Statue Form              Tmut/Erth      0%         N/A       100%        6
 Ozocubu's Refrigeration  Ice            0%         4d7       100%        7
 Maxwell's Capacitive Co  Air            0%         ∞         100%        8
 Blink                    Tloc           Unusable   N/A       N/A         2
 Vhi's Electric Charge    Tloc/Air       Unusable   N/A       N/A         3

Dungeon Overview and Level Annotations

Branches:
Dungeon (11/15)            Temple (0/1) D:7            Lair (2/5) D:8
  Swamp (0/4) Lair:2        Sewer (visited)
  Snake: Lair:2-3    Spider: Lair:2-3       Orc: D:9-12

Altars:
Ashenzari
Dithmenos
Elyvilon
Fedhas
Gozag
Hepliaklqana
Kikubaaqudgha
Okawaru
Qazlal
Ru
Sif Muna
Trog
Uskayaw
Vehumet
Zin
The Shining One

Shops:
D:1 *   D:2 :   D:3 [   D:8 =   D:9 (

Annotations:
D:5 1 runed translucent door, phonic's ghost, novice SpHs


Innate Abilities, Weirdness & Mutations

You cannot be hasted, slowed, berserked, paralysed or teleported.
You can dig through walls and to a lower floor.
You have a pair of large antennae on your head. (SInv)
Your four strong arms can wield two-handed weapons with a shield.
Your flesh is heat resistant. (rF+)
You are frail. (-10% HP)


Message History

You block the seven-headed hydra's attack. x2
The seven-headed hydra bites you but does no damage.
You block the seven-headed hydra's attack. x2
The seven-headed hydra bites you but does no damage. x2
Throw: 4 javelins (silver)
Press: ? - help, Q - select action, (/) - cycle Shift-Dir - straight line, f/p - yak
Aim: a yak (heavily wounded, haloed, 90% to hit)
You throw a silver javelin.
The silver javelin pierces through the seven-headed hydra.
The seven-headed hydra is heavily wounded.
The silver javelin completely misses the yak.
You block the seven-headed hydra's attack.
The seven-headed hydra bites you!
* * * LOW HITPOINT WARNING * * *
You block the seven-headed hydra's attack. x2
The seven-headed hydra bites you!
* * * LOW HITPOINT WARNING * * *
The seven-headed hydra bites you!
* * * LOW HITPOINT WARNING * * *
The seven-headed hydra bites you but does no damage.
The yak misses you.
Unknown command.
Unknown command.
Unknown command.
Unknown command.
Unknown command.
Aiming: Quicksilver Bolt
Press: ? - help, Shift-Dir - straight line, f/p - yak
Aim: a yak (heavily wounded, haloed, 89% to hit)
The bolt of dispelling energy hits the seven-headed hydra!!
The seven-headed hydra is almost dead.
The bolt of dispelling energy hits the yak!
You kill the yak!
The bolt of dispelling energy hits the yak!
The yak is moderately wounded.
The seven-headed hydra bites you but does no damage. x3
You block the seven-headed hydra's attack.
The seven-headed hydra closely misses you.
The seven-headed hydra bites you!
You die...

.#..............
.........##.... .
.......<........
.....#PP..........
... ###...§§§§...
.... #..§..§....
..... ##.§§§.§§..
....(.##^.§.§§§§..
(...Y†D@#..§.§§§..
.....(.Y.....§...
..........§......
..............[..
.................
.................
................
...............


You could see a seven-headed hydra and 2 yaks.

Vanquished Creatures
  2 boulder beetles
  A manticore (D:11)
  2 gargoyles
  A komodo dragon (D:8)
  2 trolls (D:11)
  A wyvern (D:7)
  A spriggan (shapeshifter) (D:9)
  A shadow (D:6)
  A vampire (D:11)
  22 yaks
  2 basilisks
  Eustachio (D:4)
  A steam dragon (D:10)
  5 water moccasins
  A black bear (D:5)
  2 ice beasts
  8 orc warriors
  6 wolves (Lair:1)
  An ogre (D:5)
  2 phantoms
  4 kobold brigands
  5 bullfrogs
  2 scorpions
  7 wights (D:8)
  14 killer bees
  2 hounds
  10 orc priests
  3 jellies
  A sleepcap (D:6)
  Natasha (thrice) (D:2)
  4 iguanas
  13 orc wizards
  12 adders
  4 river rats (Sewer)
  4 gnolls (D:2)
  A white imp (D:6)
  An ufetubus (D:4)
  2 worms
  A dart slug (D:3)
  37 orcs
  9 endoplasms
  7 giant cockroaches
  8 goblins
  A hobgoblin (D:4)
  4 jackals (D:3)
  35 kobolds
  6 quokkas
  9 ball pythons
  7 bats
  22 rats
301 creatures vanquished.

Notes
Turn   | Place    | Note
-------+----------+-------------------------------------------
     0 | D:1      | Dadbod the Formicid Fighter began the quest for the Orb.
     0 | D:1      | Reached XP level 1. HP: 18/18 MP: 1/1
    32 | D:1      | You fall into a shaft and drop 1 floor!
    82 | D:1      | Reached XP level 2. HP: 22/24 MP: 2/2
   192 | D:1      | Found Teli's Assorted Antiques.
   208 | D:1      | Found a faded altar of an unknown god.
   261 | D:1      | Prayed at the altar of an unknown god.
   261 | D:1      | Became a worshipper of the Shining One
   261 | D:1      | Reached * piety under the Shining One
   516 | D:1      | Reached XP level 3. HP: 29/29 MP: 3/3
   624 | D:2      | Found Tazxec's Book Emporium.
   694 | D:2      | Noticed Natasha
   709 | D:2      | Killed Natasha
   710 | D:2      | Reached XP level 4. HP: 35/35 MP: 4/4
   835 | D:2      | Noticed Natasha
   839 | D:2      | Killed Natasha
   840 | D:2      | Reached skill level 5 in Shields
   840 | D:2      | Reached XP level 5. HP: 41/41 MP: 5/5
   846 | D:2      | Noticed Natasha
   851 | D:2      | Killed Natasha
   852 | D:2      | Reached skill level 3 in Axes
   935 | D:2      | Reached ** piety under the Shining One
  1399 | D:3      | Reached XP level 6. HP: 39/48 MP: 6/6
  1401 | D:3      | Found a shadowy altar of Dithmenos.
  1410 | D:3      | Reached skill level 1 in Dodging
  1419 | D:3      | Reached skill level 4 in Axes
  1499 | D:3      | Found Myguamaur's Armour Shoppe.
  1576 | D:3      | Found a glowing drain.
  1580 | Sewer    | Entered a sewer
  1839 | Sewer    | Reached XP level 7. HP: 45/53 MP: 7/7
  1972 | Sewer    | Reached skill level 1 in Throwing
  2417 | D:3      | Found a glowing silver altar of Zin.
  2676 | D:3      | Found a hazy altar of Hepliaklqana.
  2803 | D:4      | Reached skill level 5 in Axes
  2970 | D:4      | Reached skill level 1 in Invocations
  2970 | D:4      | Reached skill level 1 in Evocations
  3024 | D:4      | Found a stormy altar of Qazlal.
  3032 | D:4      | Noticed Eustachio
  3047 | D:4      | Killed Eustachio
  3048 | D:4      | Reached XP level 8. HP: 60/60 MP: 7/9
  3176 | D:4      | Found a hide-covered altar of Uskayaw.
  3279 | D:4      | Reached *** piety under the Shining One
  3446 | D:4      | Identified the +1 pair of gloves "Enerylen" {rF+ Int+2}
  3554 | D:4      | Found an ancient bone altar of Kikubaaqudgha.
  3561 | D:4      | Found a shimmering blue altar of Sif Muna.
  3562 | D:4      | Found a radiant altar of Vehumet.
  3669 | D:5      | Entered Level 5 of the Dungeon
  3735 | D:5      | Reached skill level 6 in Axes
  4012 | D:5      | Got the Spellbook of Plutonic Places
  4017 | D:5      | Found a runed translucent door.
  4377 | D:5      | Reached skill level 5 in Armour
  4498 | D:5      | Reached XP level 9. HP: 59/66 MP: 10/10
  4673 | D:5      | Noticed phonic's ghost (novice SpHs)
  4756 | D:6      | Reached skill level 7 in Axes
  4797 | D:6      | Found a shimmering blue altar of Sif Muna.
  4971 | D:6      | Found an ancient bone altar of Kikubaaqudgha.
  4971 | D:6      | Noticed a boulder beetle
  4988 | D:6      | Killed a boulder beetle
  4989 | D:6      | Reached skill level 5 in Fighting
  4989 | D:6      | Reached skill level 8 in Axes
  5437 | D:7      | Found a staircase to the Ecumenical Temple.
  5477 | D:7      | Reached XP level 10. HP: 54/74 MP: 12/12
  5714 | D:7      | Found a white marble altar of Elyvilon.
  6333 | D:8      | Identified the +6 whip "Elaf" {freeze, SInv}
  6438 | D:8      | Reached skill level 9 in Axes
  6539 | D:8      | Identified the +6 sling "Azeqai" {freeze, rN+ Will+ Int-5}
  6546 | D:8      | Found Ecleores's Jewellery Shoppe.
  6643 | D:8      | Reached skill level 1 in Stealth
  6656 | D:8      | Found a staircase to the Lair.
  6659 | D:8      | Noticed a komodo dragon
  6705 | D:8      | HP: 3/72 [komodo dragon (20)]
  6707 | D:8      | Killed a komodo dragon
  7621 | D:9      | Noticed a gargoyle
  7634 | D:9      | Killed a gargoyle
  7758 | D:9      | Found Ybuostaamn's Weapon Shoppe.
  8019 | D:9      | Reached **** piety under the Shining One
  8038 | D:9      | Found the +7 staff of the Meek {protect, meekguard}
  8042 | D:9      | Reached XP level 11. HP: 55/81 MP: 14/14
  8140 | D:9      | Found a bloodstained altar of Trog.
  8191 | D:9      | Reached skill level 10 in Axes
  8226 | D:9      | Reached skill level 5 in Invocations
  8516 | D:10     | Entered Level 10 of the Dungeon
  8829 | D:10     | Found a broken altar of Ashenzari.
  8853 | D:10     | Found a sacrificial altar of Ru.
  8917 | D:10     | Found an opulent altar of Gozag.
  8917 | D:10     | Found an iron altar of Okawaru.
  9005 | D:10     | Found a blossoming altar of Fedhas.
  9289 | D:11     | Noticed a manticore
  9309 | D:11     | Killed a manticore
 10207 | D:11     | Gained mutation: You are frail. (-10% HP) [potion of
                  | mutation]
 10207 | D:11     | Gained mutation: You possess an exceptional clarity of
                  | mind. [potion of mutation]
 10207 | D:11     | Gained mutation: Your mind is acute. (Int +4, Str/Dex -1)
                  | [potion of mutation]
 10208 | D:11     | Lost mutation: Your mind is acute. (Int +4, Str/Dex -1)
                  | [potion of mutation]
 10208 | D:11     | Lost mutation: You possess an exceptional clarity of mind.
                  | [potion of mutation]
 10208 | D:11     | Gained mutation: Your muscles are strong. (Str +4, Int/Dex
                  | -1) [potion of mutation]
 10208 | D:11     | Lost mutation: Your muscles are strong. (Str +4, Int/Dex
                  | -1) [potion of mutation]
 10208 | D:11     | Gained mutation: Your flesh is heat resistant. (rF+)
                  | [potion of mutation]
 10332 | D:11     | Noticed a boulder beetle
 10343 | D:11     | Killed a boulder beetle
 10364 | D:11     | Reached skill level 5 in Throwing
 10379 | D:11     | Reached skill level 11 in Axes
 10722 | Lair:1   | Entered Level 1 of the Lair of Beasts
 11125 | Lair:1   | Reached skill level 5 in Dodging
 11134 | Lair:1   | Reached XP level 12. HP: 41/81 MP: 12/16
 11992 | Lair:2   | Found a staircase to the Swamp.
 12094 | Lair:2   | Noticed a seven-headed hydra
 12102 | Lair:2   | Slain by a seven-headed hydra

Illustrated notes

Levels and vault maps discovered:
D:1:      psy_arrival_radial01, layout_rooms, serial_shops, shop,
          chequers_ecumenical_altar_simple_redux
D:2:      layout_loops_ring, serial_shops, shop, uniq_natasha
D:3:      layout_loops_corners, mainiacjoe_overflow_six_doors_small,
          mainiacjoe_overflow_cross_hatched,
          mainiacjoe_overflow_surrounded_room, serial_shops, shop,
          gup_sewer_entry_bowl, chequers_serial_rivers_micro_e
D:4:      layout_loops_cross, grunt_temple_overflow_magic_moments,
          mainiacjoe_overflow_brackets, overflow_temple_1_default,
          minmay_a_box_with_orc_wizards_in_it, uniq_eustachio
D:5:      layout_cave_pods, serial_rivers, chequers_serial_rivers_micro_a,
          chequers_serial_rivers_small_b, chequers_serial_rivers_room_a,
          chequers_serial_rivers_small_b, ebering_ghost_reflecting_pool
D:6:      layout_basic, hangedman_feature_mirror, nrook_mini_vaults
D:7:      layout_basic, mainiacjoe_overflow_24_doors,
          minmay_temple_entry_proselytizer, serial_co_window_serial,
          co_window_paths_a, co_window_paths_b, co_window_paths_a,
          co_window_paths_a, co_window_corner_a, co_window_of_opportunity_c,
          co_window_broadway_c, co_window_broadway_a, co_window_unsneaky_path_a,
          co_window_corner_b, co_window_corner_cb, glass_columns_b,
          glass_columns_b, glass_columns_b, glass_columns_b
D:8:      layout_loops_ring, david_lair_shrubbed, nicolae_take_the_stairs
D:9:      layout_loops_cross, nicolae_overflow_crystal_walls, serial_shops,
          nicolae_shop_tiny_waterfront, palyth_stone_intersect,
          pf_guarded_unrand_meek
D:10:     layout_loops_ring, ashenzari_altar_1, grunt_temple_overflow_open,
          kennysheep_mini, minmay_unpleasant_kobolds
D:11:     layout_basic
Lair:1:   layout_long_grid, grunt_megastairs_2
Lair:2:   layout_layer_cave, swamp_mist

Skill      XL: |  1  2  3  4  5  6  7  8  9 10 11 |
---------------+----------------------------------+-----
Armour         | 4 5 6 7 |  7.8
Shields        | 5 6 7 9 |  9.4
Axes           | 3 4 5 6 8 9 11 | 11.6
Dodging        | 1 2 3 4 5 |  5.0
Throwing       | 1 2 3 4 5 |  5.1
Fighting       | 4 5 6 7 |  7.2
Invocations    | 1 2 3 4 6 |  6.2
Evocations     | 1 2 3 |  3.5
Stealth        | 1 |  1.1
Unarmed Combat | |  0.1

Action                     |  1- 3 |  4- 6 |  7- 9 | 10-12 || total
---------------------------+-------+-------+-------+-------++-------
  Melee: War axe           |    62 |   101 |   255 |   436 ||   854
         Unarmed           |       |     6 |       |       ||     6
  Throw: Dart              |       |       |    20 |    18 ||    38
         Javelin           |       |       |       |     8 ||     8
         Boomerang         |       |       |       |     1 ||     1
 Invoke: Divine Shield     |       |       |     1 |     6 ||     7
Ability: Dig               |       |       |       |     1 ||     1
  Evoke: Wand              |       |       |       |     4 ||     4
    Use: Scroll            |     2 |     6 |     5 |    11 ||    24
         Potion            |       |       |     6 |     5 ||    11
 Armour: Scale mail        |    24 |    32 |    71 |   118 ||   245
         Skin              |       |     1 |       |       ||     1
  Dodge: Dodged            |    27 |    26 |    94 |   156 ||   303
  Block: Buckler           |    34 |    57 |   139 |   268 ||   498
         Reflection        |       |     1 |     1 |     6 ||     8
